 Dungeon Crawl Stone Soup version 0.31.0-11-ge490571c62 (webtiles) character file.

Game seed: 243460529287886914

8 browni3141 the Conjurer (level 2, 19/19 HPs)
             Began as a Demonspawn Conjurer on Jan 30, 2024.
             Got out of the dungeon alive.
             The game lasted 00:00:28 (660 turns).

browni3141 the Conjurer (Demonspawn Conjurer)        Turns: 660, Time: 00:00:29

Health: 19/19      AC:  2    Str:  7    XL:     2   Next: 0%
Magic:  5/5        EV: 12    Int: 18    God:
Gold:   27         SH:  0    Dex: 11    Spells: 4/5 levels left

rFire   . . .        g - +0 whip
rCold   . . .        (no shield)
rNeg    . . .        a - +0 robe
rPois   .            (no helmet)
rElec   .            (no cloak)
rCorr   .            (no gloves)
SInv    .            (no boots)
Will    .....        (no amulet)
Stlth   ++           (no ring)
HPRegen 0.23/turn    (no ring)
MPRegen 0.09/turn

%: no passive effects
@: no status effects
A: ignite blood 1
a: no special abilities


You escaped.
You visited 1 branch of the dungeon, and saw 1 of its levels.

You collected 27 gold pieces.

Inventory:

Hand Weapons
 g - a +0 whip (weapon)
Armour
 a - a +0 robe (worn)
Scrolls
 d - 2 scrolls of teleportation {unknown}
Potions
 b - a potion of magic
 c - a potion of curing {unknown}
 e - 3 potions of attraction {unknown}
 f - a potion of cancellation {unknown}
 h - a potion of heal wounds {unknown}


   Skills:
 + Level 2.0 Dodging
 + Level 2.0 Stealth
 + Level 2.1 Spellcasting
 + Level 4.1 Conjurations


You had 4 spell levels left.
You knew the following spells:

 Your Spells              Type           Power      Damage    Failure   Level
a - Magic Dart            Conj           64%        1d6       3%          1

Your spell library contained the following spells:

 Spells                   Type           Power      Damage    Failure   Level
 Searing Ray              Conj           32%        2d5       4%          2
 Fulminant Prism          Conj/Alch      4%         3d5       58%         4
 Iskenderun's Mystic Bla  Conj/Tloc      9%         2d4       58%         4


Dungeon Overview and Level Annotations

Branches:
Dungeon (1/15)

Altars:


Innate Abilities, Weirdness & Mutations

Your demonic aura sometimes causes spilled blood to erupt in flames.


Message History

You now have 18 gold pieces.
You open the door.
There is an open door here.
You open the door.
There is an open door here.
A kobold comes into view. It is wielding a +0 dagger.
A kobold is nearby!
A kobold is nearby!
You miscast Magic Dart.
You are very lightly contaminated with residual magic.
Nothing appears to happen.
The magic dart hits the kobold.
The kobold is severely wounded.
The kobold shouts!
The magic dart hits the kobold.
You kill the kobold!
You are out of magic!
Your magical contamination has completely faded away.
Things that are here:
a +0 dagger; 3 stones; a kobold corpse You open the door.
There is an open door here.
A kobold comes into view. It is wielding a +0 whip.
A kobold is nearby!
A kobold is nearby!
The magic dart hits the kobold.
The kobold is moderately wounded.
The kobold shouts!
The magic dart hits the kobold but does no damage.
The kobold is moderately wounded.
You can't see any susceptible monsters within range! (Use Z to cast anyway.)
A kobold is nearby!
A kobold is nearby!
A kobold is nearby!
The magic dart hits the kobold.
You kill the kobold!
You are out of magic!
f - a murky black potion
Things that are here:
a +0 whip; a kobold corpse You now have 27 gold pieces (gained 9).
You open the door.
A goblin, an endoplasm and a kobold come into view.
The kobold shouts!
The goblin moves out of view.
There are monsters nearby!
There are monsters nearby!
The magic dart hits the endoplasm.
The endoplasm is heavily wounded.
The endoplasm quivers.
A frilled lizard comes into view.
The kobold throws a stone.
The stone hits you.
The magic dart hits the endoplasm.
The endoplasm is almost dead.
The frilled lizard hisses angrily.
The magic dart hits the endoplasm.
You kill the endoplasm!
You hit the kobold but do no damage. The kobold hits you but does no damage.
You hit the kobold but do no damage. The kobold hits you with a +0 dagger.
Okay, then.
The kobold throws a stone.
The stone hits you.
The kobold throws a stone.
The stone barely misses you.
The kobold throws a stone.
The stone barely misses you.
Things that are here:
a +0 whip; a kobold corpse
g - a +0 whip (weapon)
The magic dart hits the goblin.
You kill the goblin!
The kobold throws a stone.
The stone completely misses you.
The kobold throws a stone.
The stone hits you.
The magic dart hits the frilled lizard.
You kill the frilled lizard!
The kobold throws a stone.
The stone hits you.
The magic dart hits the kobold.
You kill the kobold!
Your Stealth skill increases to level 2!
Things that are here:
a +0 dagger; 3 stones
h - a fizzy golden potion
d - 2 scrolls labelled VOURARGHE LUQYR (gained 1)
An endoplasm comes into view.
The endoplasm quivers.
An endoplasm is nearby!
The magic dart hits the endoplasm.
The endoplasm is moderately wounded.
The magic dart hits the endoplasm.
The endoplasm is almost dead.
The magic dart hits the endoplasm but does no damage.
The endoplasm is almost dead.
An endoplasm is nearby!
An endoplasm is nearby!
You hit the endoplasm.
You kill the endoplasm!
Your Dodging skill increases to level 2!
You have reached level 2!
Your demonic ancestry asserts itself...
Your blood heats up.
You see here a beast talisman.
There is a staircase leading out of the dungeon here.
You have escaped!

...# #....###..P.P...#.# #.# #
...###....# #.P#~#P..#.### #.###
.....+....# #.##~##..#...# #.#..
....##....###.~~~~~......# #.#.#
.###..........##~##..###.# #.#.#
+###........#.P#~#P..# #.# #.#.#
............#..P.P...# #.# #.#..
......%..............# #.# #.#..
............#...@....# #.# #.#.#
....#########........###>####.#.#
....# #..P.P..............# ....#
#.P#~#P..###......#.. .#..#
#.##~##..#........... ##..#
#.~~~~~.............. ##..#
#.##~##....#.#..#.### ....#
..P#~#P....#.##.##### ##..#
..P.P.....#.#.......


There were no monsters in sight!

Vanquished Creatures
  2 endoplasms (D:1)
  A goblin (D:1)
  2 frilled lizards (D:1)
  3 kobolds (D:1)
8 creatures vanquished.

Notes
Turn   | Place    | Note
-------+----------+-------------------------------------------
     0 | D:1      | browni3141 the Demonspawn Conjurer began the quest for the
                  | Orb.
     0 | D:1      | Reached XP level 1. HP: 13/13 MP: 3/3
   590 | D:1      | Gained mutation: Your demonic aura sometimes causes spilled
                  | blood to erupt in flames. [demonic ancestry]
   590 | D:1      | Reached XP level 2. HP: 19/19 MP: 0/5
   660 | D:$      | Got out of the dungeon alive.

Illustrated notes

Levels and vault maps discovered:
D:1:      eino_arrival_water_cross, layout_basic, roderic_serpentine_path

Skill      XL: |  1 |
---------------+----+-----
Stealth        | 2 |  2.0
Dodging        | 2 |  2.0
Spellcasting   | |  2.1
Conjurations   | |  4.1

Action                     || total
---------------------------++-------
  Melee: Unarmed           ||     2
         Whip              ||     1
   Cast: Magic Dart        ||    15
 Armour: Robe              ||     6
  Dodge: Dodged            ||     3
